 Dungeon Crawl Stone Soup version 0.31.0-11-ge490571c62 (webtiles) character file.

Game seed: 7424138527631757003

120 browni3141 the Shield-Bearer (level 4, -6/41 HPs)
             Began as a Minotaur Fighter on Jan 28, 2024.
             Killed by divine providence
             ... invoked by an orc priest
              (12 damage)
             ... on level 3 of the Dungeon.
             The game lasted 00:00:42 (1529 turns).

browni3141 the Shield-Bearer (Minotaur Fighter)     Turns: 1529, Time: 00:00:42

Health: -6/41      AC: 11    Str: 22    XL:     4   Next: 75%
Magic:  3/3        EV:  8    Int:  5    God:
Gold:   92         SH:  4    Dex: 10    Spells: 3/3 levels left

rFire   . . .        a - +0 war axe
rCold   . . .        c - +0 buckler
rNeg    . . .        j - +0 chain mail
rPois   .            (helmet restricted)
rElec   .            (no cloak)
rCorr   .            (no gloves)
SInv    .            i - +1 pair of boots
Will    .....        (no amulet) Stlth
                     (no ring)
HPRegen 0.26/turn    (no ring)
MPRegen 0.08/turn

%: no passive effects
@: mighty
A: horns 2, retaliatory headbutt
a: no special abilities


You were on level 3 of the Dungeon.
You visited 1 branch of the dungeon, and saw 3 of its levels.

You collected 92 gold pieces.

Inventory:

Hand Weapons
 a - a +0 war axe (weapon)
Armour
 b - a +0 scale mail
 c - a +0 buckler (worn)
 i - a +1 pair of boots (worn)
 j - a +0 chain mail (worn)
Jewellery
 n - an amulet of magic regeneration
Scrolls
 f - a scroll of immolation {unknown}
 g - 3 scrolls of identify {unknown}
 k - a scroll of fog {unknown}
 l - a scroll of blinking {unknown}
 m - a scroll of teleportation {unknown}
Potions
 e - a potion of curing {unknown}
 h - a potion of cancellation {unknown}


   Skills:
 + Level 4.4 Fighting
 * Level 4.2 Axes
 + Level 4.3 Armour
 + Level 4.4 Shields


You had 3 spell levels left.
You didn't know any spells.
Your spell library was empty.

Dungeon Overview and Level Annotations

Branches:
Dungeon (3/15)

Altars:


Innate Abilities, Weirdness & Mutations

You have a pair of horns on your head.
You reflexively headbutt those who attack you in melee.


Message History

You see here a hobgoblin corpse.
n - an amulet of magic regeneration No target in view!
Done exploring.
No target in view!
Done exploring.
Done exploring.
No target in view!
No target in view!
Done exploring.
No target in view!
Done exploring.
Done exploring.
No target in view!
There is an escape hatch in the floor here.
You slide downwards.
The hatch slams shut behind you.
The orc wizard shouts!
The orc shouts!
Okay, then.
An orc priest comes into view.
It is wielding a +0 short sword and wearing a +0 leather armour of positive energy.
The orc priest shouts!
The rat bites you but does no damage.
You barely miss the rat. You block the rat's attack.
You barely miss the rat. You headbutt the rat.
You kill the rat!
The orc priest looks encouraged for a moment.
The orc priest mumbles some strange prayers to Beogh against you.
Beogh smites you!
You slash the orc wizard! You headbutt the orc wizard.
The orc wizard is almost dead.
The orc wizard casts a spell at you.
You are confused.
The orc wizard hits you but does no damage.
You are too confused!
You miss the orc wizard. Your headbutt misses the orc wizard.
The orc wizard is almost dead.
The orc wizard barely misses you.
The orc wizard mumbles some strange words.
The orc wizard flickers and vanishes!
Deactivating autopickup; reactivate with Ctrl-A.
You are too confused!
You bump into the rock wall.
The orc wizard hits you with a +0 dagger.
The orc priest casts a cantrip, but nothing happens.
You are too confused!
You hit the orc wizard.
You kill the orc wizard!
You are too confused!
The orc hits you with a +0 war axe!
Things that are here:
a +0 dagger; a +0 robe You completely miss the orc.
The orc barely misses you.
You bump into the rock wall.
You feel less confused. The orc barely misses you.
You completely miss the orc.
The orc priest invokes the aid of Beogh against you.
Beogh smites you! You block the orc's attack.
The orc hits you but does no damage.
You closely miss the orc. Your headbutt misses the orc.
The orc barely misses you.
You hit the orc.
The orc is moderately wounded.
You block the orc's attack.
You hit the orc.
The orc is severely wounded.
The orc closely misses you. The orc barely misses you.
You barely miss the orc.
The orc is severely wounded.
The orc closely misses you.
You barely miss the orc.
The orc is severely wounded.
The orc priest miscasts a cantrip.
The orc hits you but does no damage.
You hit the orc. Your headbutt misses the orc.
The orc is severely wounded.
The orc barely misses you. The orc hits you but does no damage.
You feel very mighty all of a sudden. The orc hits you with a +0 war axe!
You closely miss the orc. You headbutt the orc.
You kill the orc!
You closely miss the orc. You closely miss something.
Your headbutt misses something. Something hits you but does no damage.
The orc priest invokes the aid of Beogh against you.
Something writhes in agony!
You closely miss something. Something completely misses you.
You slash something!
Reactivating autopickup.
You feel a bit more experienced.
You closely miss the orc. The orc barely misses you.
The orc hits you with a +0 dagger.
You closely miss the orc. The orc hits you with a +0 dagger.
You slash the orc!
You kill the orc!
You closely miss the orc priest. You headbutt the orc priest.
The orc priest is heavily wounded.
The orc priest hits you with a +0 short sword.
The orc priest invokes the aid of Beogh against you.
Beogh smites you!
You die...

##.##
###
...
..
...
.....
.#.##
...
#o#
#@#
#.#
#.#
#.#
#.#
#.#
...
#.#
...


You could see an orc priest.

Vanquished Creatures
  2 orc wizards (D:3)
  4 adders (D:2)
  2 dart slugs (D:2)
  A ribbon worm (D:2)
  2 orcs (D:3)
  4 ball pythons
  2 endoplasms (D:2)
  6 goblins
  8 hobgoblins
  A quokka (D:1)
  5 bats
  A frilled lizard (D:1)
  6 rats
44 creatures vanquished.

Notes
Turn   | Place    | Note
-------+----------+-------------------------------------------
     0 | D:1      | browni3141 the Minotaur Fighter began the quest for the
                  | Orb.
     0 | D:1      | Reached XP level 1. HP: 19/19 MP: 0/0
   256 | D:1      | Reached XP level 2. HP: 27/27 MP: 1/1
   436 | D:1      | Found a faded altar of an unknown god.
   806 | D:2      | Reached XP level 3. HP: 33/33 MP: 2/2
  1203 | D:2      | Reached XP level 4. HP: 32/40 MP: 3/3
  1529 | D:3      | Killed from afar by an orc priest

Illustrated notes

Levels and vault maps discovered:
D:1:      mushboom_english_gardens, layout_basic,
          shapermc_ecumenical_altar_flowoftime
D:2:      layout_loops_ring, bh_walls_and_bars
D:3:      layout_loops_corners, mainiacjoe_overflow_alcove_1,
          mainiacjoe_overflow_alcove_4

Skill      XL: |  1  2  3  4 |
---------------+-------------+-----
Axes           | 3 4 |  4.2
Shields        | 4 |  4.4
Fighting       | 4 |  4.4
Armour         | 4 |  4.3

Action                     |  1- 3 |  4- 6 || total
---------------------------+-------+-------++-------
  Melee: War axe           |    59 |    36 ||    95
         Headbutt          |    10 |     6 ||    16
    Use: Potion            |       |     1 ||     1
 Armour: Scale mail        |    10 |       ||    10
         Chain mail        |    23 |    28 ||    51
  Dodge: Dodged            |    26 |    13 ||    39
  Block: Buckler           |    18 |     6 ||    24
